 Dungeon Sprint DCSS version 0.20-a0-449-g96be121 (webtiles) character file.

37 pib the Protected (level 3, -1/36 HPs)
             Began as a Hill Orc Fighter on Jan 7, 2017.
             Was an Initiate of Qazlal.
             Slain by a tarantella (10 damage)
             ... in the Dungeon (Sprint V: "Ziggurat Sprint").
             The game lasted 00:03:25 (171 turns).

pib the Protected (Hill Orc Fighter)                 Turns: 171, Time: 00:03:26

Health: -1/36      AC: 29    Str: 30    XL:     3   Next: 41%
Magic:  3/3        EV:  5    Int:  8    God:    Qazlal [......]
Gold:   0          SH: 10    Dex: 11    Spells: 2/2 levels left

rFire  . . .     SeeInvis .     P - +5 demon blade
rCold  . . .     Gourm    .     N - +15 Maxwell's patent armour {-Cast -Tele rElec MR+ rCorr}
rNeg   . . .     Faith    .     c - +0 shield
rPois  .         Spirit   .     (no helmet)
rElec  +         Reflect  .     (no cloak)
rCorr  +         Harm     .     (no gloves)
MR     +....     NoTele   +     (no boots)
Stlth  .......... NoCast   +    (no amulet)
                                E - +6 ring of strength
                                D - +6 ring of strength

@: no status effects
A: no striking features
a: Renounce Religion


You were in the Dungeon.
You worshipped Qazlal.
Qazlal was noncommittal.
You were not hungry.

You visited 1 branch

Inventory:

Hand Weapons
 a - a +0 rapier
 M - the +7 Singing Sword
   (You found it in the Dungeon)
 P - a +5 demon blade (weapon)
Armour
 b - a +0 scale mail
 c - a +0 shield (worn)
 J - a +3 buckler
 K - a +5 crystal plate armour
 L - +5 gold dragon scales
 N - the +15 Maxwell's patent armour (worn) {-Cast -Tele rElec MR+ rCorr}
   (You found it in the Dungeon)

   It insulates you from electricity.
   It affects your resistance to hostile enchantments.
   It prevents spellcasting.
   It prevents most forms of teleportation.
   It protects you from acid and corrosion.
 O - the +18 shield of the Gong {rElec rN+ MR+ EV-5}
   (You found it in the Dungeon)

   It affects your evasion (-5).
   It insulates you from electricity.
   It protects you from negative energy.
   It affects your resistance to hostile enchantments.
Jewellery
 y - a +6 ring of dexterity
 A - a +6 ring of dexterity
 B - a +6 ring of intelligence
 C - a +6 ring of intelligence
 D - a +6 ring of strength (left hand)
 E - a +6 ring of strength (right hand)
Wands
 F - a wand of disintegration (7/24)
 G - a wand of iceblast (5/15)
 H - a wand of lightning (5/15)
 I - a wand of acid (5/15)
Scrolls
 k - 4 scrolls of blinking
 q - 4 scrolls of amnesia
 r - 3 scrolls of recharging
 s - 7 scrolls of fog
 t - a scroll of holy word
 u - 5 scrolls of identify
 v - 5 scrolls of remove curse
 w - 2 scrolls of fear
Potions
 d - 6 potions of might
 e - 10 potions of curing
 g - 10 potions of heal wounds
 h - 6 potions of haste
 i - 7 potions of magic
 j - 3 potions of berserk rage
 l - 2 potions of brilliance
 m - 2 potions of invisibility
 n - 4 potions of resistance
 p - 5 potions of agility
Miscellaneous
 Q - a lightning rod (4/4)
Comestibles
 f - 5 bread rations
 x - 42 fruits
 z - 4 meat rations


   Skills:
 + Level 5.0 Fighting
 - Level 2.0(2.6) Short Blades
 + Level 2.9(3.3) Long Blades
 - Level 8.8 Armour
 - Level 3.2 Shields


You had 2 spell levels left.
You didn't know any spells.

Dungeon Overview and Level Annotations

Branches:
Dungeon (1/1)

Altars:
Ashenzari
Cheibriados
Dithmenos
Elyvilon
Fedhas
Gozag
Hepliaklqana
Kikubaaqudgha
Makhleb
Nemelex Xobeh
Okawaru
Qazlal
Ru
Sif Muna
Trog
Uskayaw
Vehumet
Xom
Yredelemnul
Zin
The Shining One
Beogh
Jiyva
Lugonu


Message History

You hit the tarantella but do no damage.
The tarantella is moderately wounded.
You block the jumping spider's attack. x2; The tarantella barely misses you.
You riposte.
You closely miss the tarantella.
The tarantella is moderately wounded.
The tarantella bites you but does no damage.
The jumping spider pounces on you.
The jumping spider bites you but does no damage.
The tarantella bites you but does no damage.
You miss the tarantella.
The tarantella is moderately wounded.
The tarantella bites you but does no damage.
You block the jumping spider's attack. The jumping spider barely misses you.
The tarantella bites you!
* * * LOW HITPOINT WARNING * * *
The tarantella barely misses you.
The jumping spider pounces on you but does no damage.
The jumping spider bites you but does no damage.
The tarantella bites you!
You die...

▓▓▓▓▓▓▓▓▓▓▓▓▓
▓.8©8.▓.8©8.▓
▓.)?=.▓.....▓
▓.....▓.:.).▓
▓.....▓..)).▓
▓.....▓.....▓
▓.ss..▓.....▓
▓.@s..▓▓▓▓▓▓▓
▓▓▓▓▓▓▓


You could see a jumping spider and 2 tarantellas.

Vanquished Creatures
  An orc priest (D)
  An orc (D)
2 creatures vanquished.

Notes
Turn   | Place    | Note
-------+----------+-------------------------------------------
     0 | D        | pib the Hill Orc Fighter began the quest for the Orb.
     0 | D        | Reached XP level 1. HP: 19/19 MP: 1/1
     0 | D        | Found a deep blue altar of Sif Muna.
     0 | D        | Found a sacrificial altar of Ru.
     0 | D        | Found a bloodstained altar of Trog.
     0 | D        | Found a stormy altar of Qazlal.
     0 | D        | Found an iron altar of Okawaru.
     0 | D        | Found a sparkling altar of Nemelex Xobeh.
     0 | D        | Found a blossoming altar of Fedhas.
     2 | D        | Found an ancient bone altar of Kikubaaqudgha.
     2 | D        | Found a viscous altar of Jiyva.
     2 | D        | Found a corrupted altar of Lugonu.
     2 | D        | Found a hazy altar of Hepliaklqana.
     2 | D        | Found a burning altar of Makhleb.
     2 | D        | Found an opulent altar of Gozag.
    52 | D        | Became a worshipper of Qazlal Stormbringer
   146 | D        | Reached skill level 8 in Armour
   146 | D        | Reached XP level 2. HP: 26/26 MP: 2/2
   150 | D        | Entered arena 1.
   153 | D        | Reached skill level 5 in Fighting
   153 | D        | Reached XP level 3. HP: 36/36 MP: 3/3
   165 | D        | Entered arena 2.
   165 | D        | Noticed a tarantella
   165 | D        | Noticed a tarantella
   165 | D        | Noticed a jumping spider
   171 | D        | Slain by a tarantella

Vault maps used:
D:        sprint_v

Skill      XL: |  1  2 |
---------------+-------+-----
Armour         | 8 |  8.8
Fighting       | 5 |  5.0
Long Blades    | 2 |  2.9
Short Blades   | |  2.0
Shields        | |  3.2

Action                   || total
-------------------------++-------
Melee: Demon blade       ||     8
  Use: Potion            ||     1
Armor: Plate armour      ||    13
Dodge: Dodged            ||     7
Block: Shield            ||     9
       Rpst.: Demon blade ||     1
